 Bloatcrawl 2 version 2.3.0-a0-108-gdc832c1 (webtiles) character file.

Game seed: 12702638220830817144, levelgen mode: deterministic

1 Someone4956 the Shield-Bearer (level 1, 10/19 HPs)
             Began as a Dab Dwarf Fighter on Jan 19, 2020.
             Quit the game on level 1 of the Dungeon.
             The game lasted 00:00:22 (52 turns).

Someone4956 the Shield-Bearer (Dab Dwarf Fighter)     Turns: 52, Time: 00:00:23

Health: 10/19      AC:  6    Str: 17    XL:     1   Next: 16%
Magic:  1/1        EV:  7    Int:  6    God:
Gold:   9          SH:  9    Dex: 13    Spells: 0/0 levels left Game modifiers: Zombie

rFire    . . .     SeeInvis .   a - +0 war axe
rCold    + . .     Gourm    .   c - +0 shield
rNeg     + + +     Faith    .   b - +0 scale mail
rPois    ∞         Spirit   .   (no helmet)
rElec    .         Reflect  .   (no cloak)
rCorr    .         Harm     .   (no gloves)
MR       .....                  (no boots)
Stlth    ..........             (no amulet)
HPRegen  0.06/turn              (no ring)
MPRegen  0.07/turn              (no ring)

@: rotting
A: unbreathing 1, negative energy resistance 3, torment resistance 1, cold
resistance 1, zombie 1, inhibited regeneration 1, dab master
a: no special abilities


You were on level 1 of the Dungeon.
You were not hungry.

You visited 1 branch of the dungeon, and saw 1 of its levels.

You collected 9 gold pieces.

Inventory:

Hand Weapons
 a - a +0 war axe (weapon)
Armour
 b - a +0 scale mail (worn)
 c - a +0 shield (worn)
Potions
 d - a potion of might
Comestibles
 f - 2 rations


   Skills:
 + Level 3.0 Fighting
 + Level 2.3 Axes
 + Level 3.0 Armour
 + Level 3.0 Shields


You couldn't memorise any spells.
You didn't know any spells.
Your spell library was empty.

Dungeon Overview and Level Annotations

Branches:
Dungeon (1/15)

Altars:


Innate Abilities, Weirdness & Mutations

You are immune to poison.
You can survive without breathing.
You are immune to negative energy. (rN+++)
You are immune to unholy pain and torment.
Your flesh is cold resistant. (rC+)
You hunger for flesh and rot when hungry.
You do not regenerate when monsters are visible.
You are a master of dabbing.


Message History

You dab on the hobgoblin.
The hobgoblin is lost in a daze.
You hit the hobgoblin but do no damage.
The hobgoblin is lost in a daze.
You dab.
You block the hobgoblin's attack.
You dab on the hobgoblin.
The hobgoblin hits you.
You are too injured to fight recklessly!
You are too injured to fight recklessly!
You are too injured to fight recklessly!
You are too injured to fight recklessly!
You are too injured to fight recklessly!
You are too injured to fight recklessly!
You are too injured to fight recklessly!
You are too injured to fight recklessly!
You are too injured to fight recklessly!
You are too injured to fight recklessly!
You are too injured to fight recklessly!
You slash the hobgoblin!
You kill the hobgoblin!
Found a scroll labeled VENWODURAE.
Unknown command.
Are you sure you want to abandon this character and quit the game? (Confirm with "yes".)

?# .# # #. .# #. #.
$# ##... ##.##. .#
.... ......##.#
...## #..$....##
#.#.### ##...@..#
##.....####.....#.#
##.......##........#
.........##..).?...#
##...<...##........#
#........###.....#.#
#........# ##...##.#
#.......## ##.## .#
#.###.#.######.###%#


There were no monsters in sight!

Vanquished Creatures
  A hobgoblin (D:1)
1 creature vanquished.

Notes
Turn   | Place    | Note
-------+----------+-------------------------------------------
     0 | D:1      | Someone4956 the Dab Dwarf Fighter began the quest for the
                  | Orb.
     0 | D:1      | Reached XP level 1. HP: 19/19 MP: 1/1
    52 | D:1      | Quit the game

Levels and vault maps discovered:
D:1:      dpeg_arrival_orchard, layout_loops_ring

Action                   || total
-------------------------++-------
Melee: War axe           ||     2
Armor: Scale mail        ||     7
Dodge: Dodged            ||     3
Block: Shield            ||     6

Table legend:
 A = Non-vault XP
 B = Vault XP
 C = Vault XP percentage of total XP
 D = Non-vault monster count
 E = Vault monster count
 F = Vault count percentage of total count
                 A         B        C        D         E       F
            +---------+---------+-------+---------+---------+-------
      Total |       2 |       0 |   0.0 |       1 |       0 |   0.0
            +---------+---------+-------+---------+---------+-------
        D:1 |       2 |       0 |   0.0 |       1 |       0 |   0.0
            +---------+---------+-------+---------+---------+-------
